 Dungeon Crawl Stone Soup version 0.26.1-2-gb8aa6d0cf2 (webtiles) character file.

Game seed: 6591761213977305739

235 thelaststarmaker the Nimble (level 5, -1/36 HPs)
             Began as a Felid Berserker on Mar 13, 2021.
             Was a Believer of Trog.
             Slain by a goblin
             ... wielding a +0 club
              (5 damage)
             ... on level 3 of the Dungeon.
             The game lasted 00:09:08 (3021 turns).

thelaststarmaker the Nimble (Felid Berserker)       Turns: 3021, Time: 00:09:08

Health: -1/36      AC:  1    Str: 13    XL:     5   Next: 76%
Magic:  6/6        EV: 25    Int:  8    God:    Trog [**....]
Gold:   218        SH:  0    Dex: 17    Spells: 4/4 levels left
                                        Lives:  0   Deaths: 1

rFire    . . .     SeeInvis +     - Unarmed
rCold    . . .     Faith    .   (shield unavailable)
rNeg     . . .     Spirit   .   (armour unavailable)
rPois    .         Reflect  .   (helmet unavailable)
rElec    .         Harm     .   (cloak unavailable)
rCorr    .         Rampage  .   (gloves unavailable)
Will     .....                  (boots unavailable)
Stlth    ..........             (no amulet)
HPRegen  0.12/turn              (no ring)
MPRegen  0.10/turn              (no ring)

@: berserking, very quick
A: very small, no armour, no weapons or thrown items, stealth, claws 1, fangs 3,
see invisible, speed 1, shaggy fur 1, sharp paws
a: Renounce Religion, Berserk, Trog's Hand


You were on level 3 of the Dungeon.
You worshipped Trog.
Trog was pleased with you.
You visited 1 branch of the dungeon, and saw 3 of its levels.

You collected 218 gold pieces.

Inventory:

Scrolls
 c - a scroll of identify
 f - 4 scrolls of fog {unknown}
 g - 4 scrolls of remove curse
 h - a scroll of immolation {unknown}
 l - a scroll of fear {unknown}
Potions
 a - 3 potions of curing
 b - a potion of cancellation {unknown}
 d - 2 potions of lignification {unknown}
 e - a potion of magic {unknown}
 i - a potion of might {unknown}
 j - a potion of invisibility {unknown}
 k - a potion of ambrosia {unknown}
 m - a potion of heal wounds {unknown}
 n - a potion of brilliance {unknown}


   Skills:
 - Level 3.0 Fighting
 + Level 9.2 Dodging
 - Level 3.0 Unarmed Combat


You had 4 spell levels left.
You didn't know any spells.
Your spell library was empty.

Dungeon Overview and Level Annotations

Branches:
Dungeon (3/15)

Altars:
Ru


Innate Abilities, Weirdness & Mutations

You cannot wear armour.
You are incapable of wielding weapons or throwing items.
Your paws allow you to move quietly. (Stealth)
You have sharp claws.
You have razor-sharp teeth.
You have supernaturally acute eyesight. (SInv)
You cover ground quickly.
You are covered in fur. (AC +1)
Your sharp claws are effective at attacking unaware monsters.


Message History

Ouch! That really hurt!
You closely miss the orc warrior.
The orc warrior is heavily wounded.
You scratch the orc warrior.
The orc warrior is heavily wounded.
The orc warrior completely misses you.
You completely miss the orc warrior.
The orc warrior is heavily wounded.
The goblin completely misses you.
You closely miss the orc warrior.
The orc warrior is heavily wounded.
The orc warrior hits you with a +0 mace!
* * * LOW HITPOINT WARNING * * *
You scratch the orc warrior but do no damage.
The orc warrior is heavily wounded.
The goblin misses you.
You completely miss the orc warrior.
The orc warrior is heavily wounded.
The orc warrior barely misses you. The goblin hits you with a +0 club.
You die...

####..######## #.###.
##...(# ###))... ####)#
#...#.## #)# ##.#...#
#######)######..###.#
#......)...##..## .#
#..........##.## ##
#.<.........^(# ##....
####....@.......## #.....
#.##....go...รท...###....o
#.............##.........
##.###.##......#####...>.
#..##.##...w..# #.....
##.##.##......# #.....
#....##......### #.....
#..####........###.....
#..####......#..##.....


You could see an orc warrior, a dart slug and a goblin.

Vanquished Creatures
  5 orc priests (D:3)
  Terence (D:2)
  3 gnolls (D:2)
  2 adders
  An ooze (D:1)
  A worm (D:3)
  A dart slug (D:1)
  3 leopard geckos
  6 orcs (D:3)
  A giant cockroach (D:2)
  7 hobgoblins
  12 jackals
  7 kobolds
  7 bats (D:1)
  6 frilled lizards
  6 goblins
  3 rats (D:1)
72 creatures vanquished.

Vanquished Creatures (others)
  An orc (D:3)
1 creature vanquished.

Grand Total: 73 creatures vanquished

Notes
Turn   | Place    | Note
-------+----------+-------------------------------------------
     0 | D:1      | thelaststarmaker the Felid Berserker began the quest for
                  | the Orb.
     0 | D:1      | Reached XP level 1. HP: 10/10 MP: 2/2
   123 | D:1      | Reached XP level 2. HP: 13/14 MP: 3/3
   234 | D:1      | Reached skill level 5 in Dodging
   575 | D:1      | Reached ** piety under Trog
   582 | D:1      | Reached XP level 3. HP: 8/17 MP: 4/4
   923 | D:1      | Reached skill level 6 in Dodging
  1918 | D:2      | Noticed Terence
  1923 | D:2      | Killed Terence
  1924 | D:2      | Reached XP level 4. HP: 21/21 MP: 5/5
  2011 | D:2      | Reached skill level 7 in Dodging
  2700 | D:3      | Killed from afar by an orc priest
  2701 | D:3      | Reached XP level 3. HP: -5/17 MP: 4/4
  2715 | D:3      | Reached XP level 4. HP: 21/21 MP: 5/5
  2724 | D:3      | Reached skill level 8 in Dodging
  2782 | D:3      | Reached XP level 5. HP: 24/24 MP: 6/6
  2908 | D:3      | Found a sacrificial altar of Ru.
  2922 | D:3      | Noticed an orc warrior
  2969 | D:3      | Reached skill level 9 in Dodging
  3021 | D:3      | Slain by a goblin

Illustrated notes

Levels and vault maps discovered:
D:1:      tarquinn_simple_flora_water_d, layout_basic, minmay_tetromino_i4
D:2:      minmay_spotlight, layout_loops_ring, grunt_decor_one_mirror,
          roderic_roman_lattice, uniq_terence
D:3:      layout_rooms, ebering_ghost_sewer_d, chequers_serial_rivers_marsh,
          nicolae_ru_awakened_eye

Skill      XL: |  1  2  3  4  5 |
---------------+----------------+-----
Dodging        | 5 6 8 9 |  9.2
Fighting       | |  3.0
Unarmed Combat | |  3.0

Action                   |  1- 3 |  4- 6 || total
-------------------------+-------+-------++-------
Melee: Unarmed           |    95 |   103 ||   198
       Bite              |    14 |     8 ||    22
       Punch             |     1 |       ||     1
Invok: Berserk           |     6 |     6 ||    12
       Trog's Hand       |     1 |     3 ||     4
  Use: Scroll            |       |     2 ||     2
       Potion            |       |     1 ||     1
 Stab: Sleeping          |     2 |       ||     2
Armor: Skin              |     1 |     2 ||     3
Dodge: Dodged            |    81 |    96 ||   177
